 Dungeon Crawl Stone Soup version 0.22.1-1-ga44c0e56f4 (webtiles) character file.

67 Riddle the Ducker (level 4, 0/34 HPs)
             Began as a Spriggan Abyssal Knight on Oct 1, 2018.
             Was a Follower of Lugonu.
             Succumbed to a worker ant's poison
             ... on level 3 of the Dungeon.
             The game lasted 00:09:20 (3024 turns).

Riddle the Ducker (Spriggan Abyssal Knight)         Turns: 3024, Time: 00:09:20

Health: 0/34       AC: 22    Str: 13    XL:     4   Next: 0%
Magic:  6/6        EV:  4    Int: 13    God:    Lugonu [*.....]
Gold:   135        SH:  0    Dex: 21    Spells: 3/3 levels left

rFire    . . .     SeeInvis +   a - +1 short sword
rCold    . . .     Gourm    .   (shield restricted)
rNeg     + + +     Faith    .   (armour currently unavailable)
rPois    +         Spirit   .   (helmet currently unavailable)
rElec    .         Reflect  .   (cloak currently unavailable)
rCorr    .         Harm     .   (gloves unavailable)
MR       .....     NoTele   +   (boots unavailable)
Stlth    +++.......             (no amulet)
HPRegen  0.11/turn              (no ring)
MPRegen  0.10/turn              (no ring)

@: mighty, agile, lethally poisoned (0 -> -8), tree-form
A: very small, unfitting armour, see invisible, herbivore, slow metabolism 2
a: Depart the Abyss, Renounce Religion


You were on level 3 of the Dungeon.
You worshipped Lugonu.
Lugonu was aware of your devotion.
You were not hungry.
You were a tree.
You visited 1 branch of the dungeon, and saw 3 of its levels.
You visited the Abyss 1 time.

You collected 135 gold pieces.

Inventory:

Hand Weapons
 a - a +1 short sword (weapon)
Armour
 b - a +0 robe (melded)
 g - the +0 cloak "Quwen" (melded) {rElec rF- rN+++}
   (You found it on level 2 of the Abyss)

   It makes you vulnerable to fire.
   It insulates you from electricity.
   It renders you almost immune to negative energy.
Wands
 q - a wand of digging (9)
Scrolls
 f - 4 scrolls of remove curse {unknown}
 i - a scroll of noise {unknown}
 j - 2 scrolls of amnesia {unknown}
 k - a scroll of fog {unknown}
 m - 2 scrolls of identify {unknown}
 o - 2 scrolls of teleportation {unknown}
 p - a scroll of fear {unknown}
 r - a scroll of magic mapping {unknown}
Potions
 h - a potion of agility
 n - a potion of invisibility {unknown}
 s - a potion of heal wounds {unknown}
 t - a potion of degeneration {unknown}
 u - a potion of haste {unknown}
Miscellaneous
 d - a crystal ball of energy
Comestibles
 c - 9 rations


   Skills:
 + Level 2.8 Fighting
 + Level 2.8 Short Blades
 + Level 4.3 Dodging
 + Level 2.4 Stealth
 + Level 2.4 Invocations


You had 3 spell levels left.
You didn't know any spells.
Your spell library was empty.

Dungeon Overview and Level Annotations

Branches:
Dungeon (3/15)

Altars:

Annotations:
D:2 Jessica, Sigmund


Innate Abilities, Weirdness & Mutations

You are very small and have problems with some larger weapons.
You are too small for most types of armour.
You have supernaturally acute eyesight. (SInv)
You are a herbivore.
((You cover ground extremely quickly.))
You need to consume almost no food.
[((Armour fits poorly on your strangely shaped body.))]


Message History

The worker ant is almost dead.
You feel sick. The worker ant completely misses you. The worker ant bites you.
* * * LOW HITPOINT WARNING * * *
You are more poisoned.
The worker ant poisons you!
You hit the worker ant but do no damage.
The worker ant is almost dead.
* * * LOW HITPOINT WARNING * * *
You feel sick. The worker ant closely misses you.
It was a potion of agility.
You feel agile all of a sudden.
* * * LOW HITPOINT WARNING * * *
You feel sick. The worker ant closely misses you.
It was a potion of might.
You feel very mighty all of a sudden. The worker ant closely misses you.
It was a potion of lignification.
You turn into a tree.
The +0 cloak "Quwen" {rElec rF- rN+++} melds into your body.
Your +0 robe melds into your body.
Your roots penetrate the ground.
You die...

#.. #.. #..
#.# #.# #.#
#a# ##### #♣#
......#.#
#....####
+..?....#
#.......#
#.......#####
###.........#
#......###.#
#......# #.#


You could see a worker ant.

Vanquished Creatures
  Terence (D:2)
  An adder (D:2)
  A worm (D:3)
  A dart slug (D:2)
  2 ball pythons
  A giant cockroach (D:1)
  4 goblins
  A hobgoblin (D:2)
  5 jackals (D:1)
  2 bats (D:1)
  2 frilled lizards (D:1)
  3 kobolds
  5 rats (D:1)
29 creatures vanquished.

Notes
Turn   | Place    | Note
-------+----------+-------------------------------------------
     0 | Abyss:1  | Riddle the Spriggan Abyssal Knight began the quest for the
                  | Orb.
     0 | Abyss:1  | Reached XP level 1. HP: 11/11 MP: 3/3
    71 | Abyss:2  | Noticed a sun demon
    97 | Abyss:2  | Noticed a small abomination
   113 | Abyss:2  | Got a dazzling cloak
   124 | Abyss:3  | Identified the +0 cloak "Quwen" {rElec rF- rN+++} (You
                  | found it on level 2 of the Abyss)
   125 | Abyss:3  | Found a corrupted altar of Lugonu.
   140 | Abyss:3  | Noticed a profane servitor
   140 | Abyss:3  | Noticed a raiju
   140 | Abyss:3  | Noticed a mana viper
   154 | Abyss:3  | Found a corrupted altar of Lugonu.
   167 | Abyss:3  | Noticed a starcursed mass
   205 | Abyss:5  | Entered Level 5 of the Abyss
   205 | Abyss:5  | Noticed a wizard
   205 | Abyss:5  | Noticed a starcursed mass
   205 | Abyss:5  | Noticed a profane servitor
   281 | Abyss:5  | Noticed a large abomination
   281 | Abyss:5  | Noticed a starcursed mass
   281 | Abyss:5  | Noticed a thrashing horror
   293 | Abyss:5  | Noticed a large abomination
   302 | Abyss:5  | Noticed a thrashing horror
   303 | Abyss:5  | Noticed a wretched star
   304 | D:1      | Escaped the Abyss
   487 | D:1      | Reached * piety under Lugonu
   583 | D:1      | Reached skill level 1 in Stealth
   583 | D:1      | Reached XP level 2. HP: 16/16 MP: 4/4
  1330 | D:2      | Noticed Jessica
  1455 | D:2      | Noticed Terence
  1497 | D:2      | Reached skill level 4 in Dodging
  1582 | D:2      | Killed Terence
  1582 | D:2      | Reached XP level 3. HP: 13/19 MP: 5/5
  2296 | D:2      | Noticed Sigmund
  2862 | D:3      | Reached XP level 4. HP: 15/23 MP: 6/6
  3022 | D:3      | HP: 1/23 [poisoned by a worker ant]
  3024 | D:3      | Succumbed to a worker ant's poison

Skill      XL: |  1  2 |
---------------+-------+-----
Stealth        | 1 2 |  2.4
Invocations    | 2 |  2.4
Dodging        | 4 |  4.3
Fighting       | |  2.8
Short Blades   | |  2.8

Action                   |  1- 3 |  4- 6 || total
-------------------------+-------+-------++-------
Melee: Short sword       |   113 |     9 ||   122
Invok: Depart the Abyss  |     1 |       ||     1
  Use: Potion            |       |     3 ||     3
 Stab: Sleeping          |     6 |       ||     6
Armor: Robe              |     5 |       ||     5
Dodge: Dodged            |    82 |    10 ||    92
